 Dungeon Crawl Stone Soup version 0.28-a0-533-g9f97627e2a (webtiles) character file.

Game seed: 11364989066883493285

0 Gargoyl the Skirmisher (level 1, -10/18 HPs)
             Began as a Gnoll Abyssal Knight on Sept 25, 2021.
             Was a Follower of Lugonu.
             Killed from afar by a starcursed mass (14 damage)
             ... with an accursed screaming
             ... on level 1 of the Abyss.
             The game lasted 00:00:13 (129 turns).

Gargoyl the Skirmisher (Gnoll Abyssal Knight)        Turns: 129, Time: 00:00:14

Health: -10/18     AC:  3    Str: 12    XL:     1   Next: 0%
Magic:  3/3        EV: 12    Int:  9    God:    Lugonu [*.....]
Gold:   0          SH:  0    Dex: 12    Spells: 0/0 levels left

rFire   . . .      SeeInvis .   a - +1 hand axe
rCold   . . .      Faith    .   (no shield)
rNeg    . . .      Spirit   .   b - +0 leather armour
rPois   .          Reflect  .   (no helmet)
rElec   .          Harm     .   (no cloak)
rCorr   .          Rampage  .   (no gloves)
Will    .....                   (no boots)
Stlth   +.........              (no amulet)
HPRegen 0.06/turn               (no ring)
MPRegen 0.08/turn               (no ring)

@: no status effects
A: fangs 1, strong nose, distributed training, [frail 2]
a: Renounce Religion, Depart the Abyss


You were on level 1 of the Abyss.
You worshipped Lugonu.
Lugonu was aware of your devotion.
You visited 0 branches of the dungeon, and saw 0 of its levels.
You visited the Abyss 1 time.

Inventory:

Hand Weapons
 a - a +1 hand axe (weapon)
Armour
 b - a +0 leather armour (worn)


   Skills:
 + Level 6.4 Fighting
 + Level 0.0 Short Blades
 + Level 0.0 Long Blades
 + Level 4.4 Axes
 + Level 0.0 Maces & Flails
 + Level 0.0 Polearms
 + Level 0.0 Staves
 + Level 0.0 Slings
 + Level 0.0 Bows
 + Level 0.0 Crossbows
 + Level 0.0 Throwing
 + Level 4.4 Armour
 + Level 2.3 Dodging
 + Level 0.0 Stealth
 + Level 0.0 Shields
 + Level 0.0 Unarmed Combat
 + Level 0.0 Spellcasting
 + Level 0.0 Conjurations
 + Level 0.0 Hexes
 + Level 0.0 Summonings
 + Level 0.0 Necromancy
 + Level 0.0 Translocations
 + Level 0.0 Transmutations
 + Level 0.0 Fire Magic
 + Level 0.0 Ice Magic
 + Level 0.0 Air Magic
 + Level 0.0 Earth Magic
 + Level 0.0 Poison Magic
 + Level 4.4 Invocations
 + Level 0.0 Evocations


You couldn't memorise any spells.
You didn't know any spells.
Your spell library was empty.

Dungeon Overview and Level Annotations

Branches:
Dungeon (0/15)

Altars:

Annotations:
Abyss:1 1 transporter


Innate Abilities, Weirdness & Mutations

You have very sharp teeth.
Your uncanny sense of smell can sniff out nearby items.
Your experience applies equally to all skills.
[You are very frail. (-20% HP)]


Message History

The ufetubus shouts!
The slime creature quivers.
The smoke demon roars!
The chaos spawn squeals angrily.
There is a transporter here.
You enter the transporter and appear at another place.
A large abomination comes into view.
The starcursed mass completely misses you.
The wretched star pulses with an eldritch light!
You feel frail. x2
A starcursed mass splits.
The apocalypse crab breathes chaos at you.
The blast of chaos engulfs the chaos spawn.
Found 4 gold pieces, a coiled graven amulet, a broad axe and an emerald potion.
Unknown command.
Unknown command.
A starcursed mass splits.
The chaos spawn is engulfed in seething chaos.
The ufetubus is engulfed in seething chaos.
Tentacles burst from the starspawn's body!
The small abomination is engulfed in seething chaos. 2 starspawn tentacles come into view.
Unknown command.
The chaos spawn is engulfed in seething chaos.
The chaos spawn seems to grow stronger.
The ufetubus is engulfed in seething chaos.
The small abomination is engulfed in seething chaos.
A starcursed mass splits. x2
The apocalypse crab is engulfed in seething chaos.
The starcursed mass is engulfed in seething chaos.
A starcursed mass splits.
A starcursed mass splits.
The smoke demon gestures at you. Something smites you!
Ouch! That really hurt!
* * * LOW HITPOINT WARNING * * *
A starcursed mass splits. x4
Unknown command.
A cacophony of accursed wailing tears at your sanity!
Ouch! That really hurt!
You die... #.. .###...###.ww# ## # #.3X..X*## . #.##XXXXJ## .# . . #XXtXX#

. .#
.###.XX.X## .
##..X54*x##
#...###.X.# #
#∆#..##©##X.#.#
#.".##..x##@$)#
∆ ##.
#...##.!## #
#.....####
..###.. ###
..#.. ∆ .## #


You could see 12 starcursed masses, a tentacled monstrosity, 2 tentacled
starspawn, a slime creature, an apocalypse crab, a large abomination, a smoke
demon, a chaos spawn (strong), a small abomination, an ufetubus and a lurking
horror.

Vanquished Creatures (others)
  2 starspawn tentacles (Abyss:1)
2 creatures vanquished.

Notes
Turn   | Place    | Note
-------+----------+-------------------------------------------
     0 | Abyss:1  | Gargoyl the Gnoll Abyssal Knight began the quest for the
                  | Orb.
     0 | Abyss:1  | Reached XP level 1. HP: 23/23 MP: 3/3
    83 | Abyss:1  | Found a hide-covered altar of Uskayaw.
   107 | Abyss:1  | Noticed a sun demon
   117 | Abyss:1  | Found a transporter.
   121 | Abyss:1  | Found a transporter.
   121 | Abyss:1  | Found a corrupted altar of Lugonu.
   121 | Abyss:1  | Noticed a tentacled starspawn
   121 | Abyss:1  | Noticed a tentacled starspawn
   121 | Abyss:1  | Noticed a tentacled monstrosity
   122 | Abyss:1  | Noticed an apocalypse crab
   122 | Abyss:1  | Noticed a small abomination
   122 | Abyss:1  | Noticed a slime creature
   122 | Abyss:1  | Noticed a smoke demon
   122 | Abyss:1  | Noticed a chaos spawn
   122 | Abyss:1  | Noticed a starcursed mass
   123 | Abyss:1  | Noticed a starcursed mass
   123 | Abyss:1  | Noticed a wretched star
   125 | Abyss:1  | Noticed a large abomination
   125 | Abyss:1  | Noticed a small abomination
   129 | Abyss:1  | Killed from afar by a starcursed mass

Illustrated notes

Levels and vault maps discovered:
Abyss:1:  base: Temple, minivault_4, base: Temple, gammafunk_corrupted_shrine,
          gammafunk_corrupted_shrine

Action                   || total
-------------------------++-------
Dodge: Dodged            ||     1

Table legend: (Time is in decaauts)
 A = Elapsed time spent in this place.
 B = Non-inter-level travel time spent in this place.
 C = Inter-level travel time spent in this place.
 D = Time resting spent in this place.
 E = Time spent auto-exploring this place.
 F = Levels seen in this place.
 G = Mean time per level.
                   A        B        C        D        E       F      G
               +--------+--------+--------+--------+--------+-----+--------+
         Total |    129 |    129 |      0 |      0 |    105 |   1 |  129.0 |
         Abyss |    129 |    129 |      0 |      0 |    105 |   1 |  129.0 |
               +--------+--------+--------+--------+--------+-----+--------+

Top non-repeatable levels by time:
 Abyss:1: 129 daAuts
